 Dungeon Sprint DCSS version 0.29-a0-1009-g60c99734e7 (webtiles) character file.

Game seed: 1982776049228508221

32551 Hubris850 the Bringer of Light (level 13, -21/122 HPs)
             Began as a Purple Draconian Ice Elementalist on Aug 8, 2022.
             Was the Champion of the Shining One.
             Demolished by a bog body (25 damage)
             ... in the Dungeon (Sprint IX: "|||||||||||||||||||||||||||||").
             The game lasted 00:23:09 (3921 turns).

Hubris850 the Bringer of Light (DrIE)               Turns: 3921, Time: 00:23:10

Health: -21/122    AC: 23    Str: 15    XL:     13   Next: 32%
Magic:  21/27      EV: 16    Int: 20    God:    the Shining One [******]
Gold:   1871       SH:  0    Dex: 11    Spells: 26/33 levels left

rFire   . . .      SeeInvis .   j - +2 scimitar (flame)
rCold   . . .      Faith    .   (no shield)
rNeg    + + +      Spirit   .   (body armour unavailable)
rPois   .          Reflect  .   (helmet restricted)
rElec   .          Harm     .   y - +1 cloak
rCorr   .          Rampage  .   l - +0 pair of gloves
Will    +....      NoTele   +   k - +0 pair of boots
Stlth   +.........              (no amulet)
HPRegen 0.30/turn               m - +3 ring of strength
MPRegen 0.20/turn               n - +2 ring of protection

@: ice-armoured, freezing walls, hasted and slowed, glowing
A: breathe power, AC +8, unfitting armour, cold-blooded
a: Breathe Dispelling Energy, Renounce Religion, Divine Shield, Cleansing Flame,
Summon Divine Warrior, Brand Weapon With Holy Wrath


You were in the Dungeon.
You worshipped the Shining One.
The Shining One was exalted by your worship.
You visited 1 branch You collected 1871 gold pieces.

Inventory:

Hand Weapons
 e - a +0 whip
 i - a +4 quarterstaff of speed
 j - a +2 scimitar of flaming (weapon)
 x - a +1 lajatang of electrocution
Armour
 k - a +0 pair of boots (worn)
 l - a +0 pair of gloves (worn)
 y - a +1 cloak (worn)
 z - a +1 buckler of fire resistance
Jewellery
 m - a +3 ring of strength (left hand)
 n - a +2 ring of protection (right hand)
 t - a ring of see invisible
 u - a ring of resist corrosion
 v - a ring of poison resistance
 w - a ring of ice
Wands
 c - a wand of polymorph (6)
 h - a wand of acid (7)
Scrolls
 f - 4 scrolls of blinking
 g - 2 scrolls of amnesia
 p - 4 scrolls of identify
 q - a scroll of fear
 r - 4 scrolls of enchant weapon
 s - 2 scrolls of butterflies
Potions
 a - 5 potions of magic
 b - 5 potions of curing
 o - 3 potions of might
 A - 2 potions of berserk rage
 B - a potion of mutation
 C - a potion of resistance


   Skills:
 - Level 13.2 Fighting
 + Level 7.5 Long Blades
 - Level 14.7(16.0) Maces & Flails
 - Level 10.5(14.0) Staves
 - Level 11.4 Dodging
 - Level 1.8 Stealth
 - Level 0.9 Unarmed Combat
 - Level 10.5 Spellcasting
 - Level 10.8 Ice Magic
 - Level 18.3 Invocations
 - Level 16.3 Evocations


You had 26 spell levels left.
You knew the following spells:

 Your Spells              Type           Power      Damage    Failure   Level
a - Freeze                Ice            100%       1d11      1%          1
b - Frozen Ramparts       Ice            100%       1d16      1%          3
c - Ozocubu's Armour      Ice            52%        N/A       1%          3

Your spell library contained the following spells:

 Spells                   Type           Power      Damage    Failure   Level
 Hailstorm                Conj/Ice       32%        3d8       7%          4


Dungeon Overview and Level Annotations

Branches:
Dungeon (1/1)

Altars:
Cheibriados
Dithmenos
Elyvilon
Fedhas
Gozag
Hepliaklqana
Kikubaaqudgha
Makhleb
Nemelex Xobeh
Okawaru
Qazlal
Ru
Sif Muna
Trog
Uskayaw
Vehumet
Wu Jian
Xom
Yredelemnul
Zin
The Shining One
Jiyva
Lugonu

Shops:
D *((*


Innate Abilities, Weirdness & Mutations

You can breathe bolts of dispelling energy.
Your rich purple scales are hard. (AC +8)
You cannot fit into any form of body armour.
You are cold-blooded and may be slowed by cold attacks.


Message History

The five-headed hydra barely misses you.
You lop one of the five-headed hydra's heads off!
The flame cauterises the wound!
You hit the four-headed hydra. You burn the four-headed hydra.
You tail-slap the four-headed hydra.
The four-headed hydra is moderately wounded.
You hack one of the four-headed hydra's heads off!
The flame cauterises the wound!
You slash the three-headed hydra! You burn the three-headed hydra.
You tail-slap the three-headed hydra.
The three-headed hydra is severely wounded.
The frozen ramparts melt away.
The three-headed hydra barely misses you.
The three-headed hydra bites you!
* * * LOW HITPOINT WARNING * * *
The three-headed hydra completely misses you.
The alligator puts on a burst of speed!
You hit the three-headed hydra. You burn the three-headed hydra.
The three-headed hydra is severely wounded.
Unknown command.
You hack one of the three-headed hydra's heads off!
The flame cauterises the wound!
You slash the two-headed hydra! You burn the two-headed hydra.
The two-headed hydra is severely wounded.
The two-headed hydra misses you. The two-headed hydra bites you!
* * * LOW HITPOINT WARNING * * *
You chop one of the two-headed hydra's heads off!
The flame cauterises the wound!
You slash the one-headed hydra! You burn the one-headed hydra.
You kill the one-headed hydra!
Your Long Blades skill increases to level 7!
Casting: Frozen Ramparts (safe; 1% risk of failure)
Confirm with . or Enter, or press ? or * to list all spells.
Casting: Frozen Ramparts (safe; 1% risk of failure)
Press: ? - help, Dir - look around, f - activate This square is lit by a halo.
The walls around you are covered in ice.
The bunyip howls a warning cry!
The bog body resists.
The wall freezes the bog body.
The bog body touches you!
* * * LOW HITPOINT WARNING * * *
The bog body freezes you!!
You feel yourself slow down.
You die...

▓÷▓.▓)▓.▓)▓.▓.▓.▓'
▓)▓.▓)▓.▓.▓.▓.▓.▓_
▓.▓.▓.▓.▓.▓.▓.▓.▓_
▓.▓.▓)▓.▓)▓.▓.▓.▓_
▓.▓)▓)▓.▓.▓.▓.▓.▓_
▓.▓.▓)▓.▓.▓.▓†▓.▓_
▓.▓.▓)▓.▓.▓.▓.▓.▓_
▓.▓.▓.▓.▓)▓.▓.▓.▓_
▓@▓.▓[▓.▓.▓.▓.▓.▓_
♣n♣.▓[▓.▓.▓.▓.▓.▓_
♣.♣.▓.▓.▓.▓.▓.▓.▓_
♣x♣.▓.▓.▓)▓.▓.▓.▓_
♣R♣.▓[▓.▓)▓.▓.▓.▓_
♣t♣.▓[▓.▓.▓.▓.▓.▓_
♣.♣.▓[▓.▓.▓.▓.▓.▓_
♣.♣.▓[▓.▓.▓.▓÷▓.▓_
♣.▓.▓.▓.▓.▓÷▓.▓_


You could see a bunyip (catching breath), an eleionoma, an alligator (swift) and
a bog body.

Vanquished Creatures
  Nessos (D)
  An eleionoma (D)
  A bunyip (D)
  Snorg (D)
  3 boulder beetles (D)
  6 hydras (D)
  A centaur warrior (D)
  A merfolk avatar (D)
  A death knight (D)
  2 two-headed ogres (D)
  6 orc high priests (D)
  Nergalle (D)
  2 sea snakes (D)
  A swamp dragon (shapeshifter) (D)
  A deep elf pyromancer (D)
  An orc knight (D)
  2 black mambas (D)
  2 cane toads (D)
  A rime drake (D)
  2 polar bears (D)
  A hornet (D)
  4 tyrant leeches (D)
  4 blink frogs (D)
  2 wraiths (D)
  2 yaks (D)
  Eustachio (D)
  Grum (D)
  2 basilisks (D)
  A steam dragon (D)
  An acid dragon (D)
  3 water moccasins (D)
  A black bear (D)
  11 orc warriors (D)
  An ogre (D)
  4 wolves (D)
  3 bullfrogs (D)
  2 howler monkeys (D)
  11 orc priests (D)
  3 orc wizards (D)
  A gnoll (D)
  An ufetubus (D)
  7 orcs (D)
  A ball python (D)
  A giant cockroach (D)
  3 hobgoblins (D)
  A jackal (D)
110 creatures vanquished.

Vanquished Creatures (collateral kills)
  A frost giant (D)
  Josephine (D)
  An ice dragon (D)
  A spriggan air mage (D)
  A merfolk aquamancer (D)
  A tengu warrior (D)
  A satyr (D)
  A vampire mage (D)
  A flayed ghost (D)
  A harpy (D)
  An ugly thing (D)
  A manticore (D)
  A tengu conjurer (D)
  A snapping turtle (D)
  A spriggan (shapeshifter) (D)
  3 wraiths (D)
18 creatures vanquished.

Grand Total: 128 creatures vanquished

Notes
Turn   | Place    | Note
-------+----------+-------------------------------------------
     0 | D        | Hubris850 the Draconian Ice Elementalist began the quest
                  | for the Orb.
     0 | D        | Reached XP level 1. HP: 14/14 MP: 3/3
    18 | D        | Reached skill level 5 in Ice Magic
   255 | D        | Noticed an ogre
   255 | D        | Noticed a black bear
   260 | D        | Reached XP level 2. HP: 20/20 MP: 0/5
   265 | D        | Killed an ogre
   266 | D        | Reached skill level 5 in Spellcasting
   266 | D        | Reached XP level 3. HP: 26/26 MP: 0/9
   266 | D        | Reached XP level 4. HP: 33/33 MP: 0/11
   282 | D        | Killed a black bear
   283 | D        | Reached XP level 5. HP: 35/38 MP: 2/14
   360 | D        | Learned a level 3 spell: Frozen Ramparts
   364 | D        | Learned a level 3 spell: Ozocubu's Armour
   368 | D        | Found a snail-covered altar of Cheibriados.
   368 | D        | Found a shadowy altar of Dithmenos.
   368 | D        | Found a white marble altar of Elyvilon.
   368 | D        | Found a blossoming altar of Fedhas.
   368 | D        | Found an opulent altar of Gozag.
   369 | D        | Found a hazy altar of Hepliaklqana.
   370 | D        | Found a viscous altar of Jiyva.
   371 | D        | Found an ancient bone altar of Kikubaaqudgha.
   372 | D        | Found a corrupted altar of Lugonu.
   373 | D        | Found a burning altar of Makhleb.
   374 | D        | Found a sparkling altar of Nemelex Xobeh.
   375 | D        | Found an iron altar of Okawaru.
   376 | D        | Found a stormy altar of Qazlal.
   379 | D        | Found a sacrificial altar of Ru.
   380 | D        | Found a shimmering blue altar of Sif Muna.
   381 | D        | Found a bloodstained altar of Trog.
   382 | D        | Found a hide-covered altar of Uskayaw.
   383 | D        | Found a radiant altar of Vehumet.
   384 | D        | Found an ornate altar of the Wu Jian Council.
   385 | D        | Found a shimmering altar of Xom.
   386 | D        | Found a basalt altar of Yredelemnul.
   387 | D        | Found a glowing silver altar of Zin.
   388 | D        | Found a glowing golden altar of the Shining One.
   396 | D        | Became a worshipper of the Shining One
   429 | D        | Noticed a steam dragon
   429 | D        | Noticed a two-headed ogre
   429 | D        | Noticed a hornet
   429 | D        | Reached * piety under the Shining One
   429 | D        | Noticed a wraith
   429 | D        | Noticed an acid dragon
   432 | D        | Killed a steam dragon
   433 | D        | Reached XP level 6. HP: 50/52 MP: 9/16
   436 | D        | Killed a two-headed ogre
   437 | D        | Your scales start taking on a rich purple colour.
   437 | D        | Reached XP level 7. HP: 45/68 MP: 10/19
   441 | D        | Killed a hornet
   442 | D        | Reached XP level 8. HP: 50/75 MP: 11/20
   450 | D        | Reached ** piety under the Shining One
   584 | D        | Noticed a two-headed ogre
   584 | D        | Noticed a boulder beetle
   584 | D        | Noticed a deep elf pyromancer
   584 | D        | Noticed a centaur warrior
   584 | D        | Noticed a five-headed hydra
   584 | D        | Reached *** piety under the Shining One
   592 | D        | Killed a two-headed ogre
   593 | D        | Reached skill level 10 in Fighting
   593 | D        | Reached XP level 9. HP: 75/86 MP: 15/21
   597 | D        | Killed a deep elf pyromancer
   598 | D        | Reached skill level 10 in Maces & Flails
   604 | D        | Killed a centaur warrior
   605 | D        | Reached skill level 10 in Dodging
   607 | D        | Killed a four-headed hydra
   652 | D        | Killed a boulder beetle
   653 | D        | Reached XP level 10. HP: 36/101 MP: 11/22
  1015 | D        | Noticed a cane toad
  1023 | D        | Reached **** piety under the Shining One
  1025 | D        | Noticed a cane toad
  1029 | D        | Killed a cane toad
  1047 | D        | Killed a cane toad
  1142 | D        | Noticed a black mamba
  1142 | D        | Noticed a black mamba
  1142 | D        | Noticed a seven-headed hydra
  1142 | D        | Reached ***** piety under the Shining One
  1143 | D        | Noticed a six-headed hydra
  1146 | D        | Reached skill level 1 in Staves
  1152 | D        | Killed a three-headed hydra
  1156 | D        | Killed a black mamba
  1157 | D        | Killed a black mamba
  1158 | D        | Killed a two-headed hydra
  1159 | D        | Reached XP level 11. HP: 21/107 MP: 16/23
  1168 | D        | Reached skill level 10 in Staves
  1176 | D        | Reached skill level 1 in Invocations
  1502 | D        | Reached ****** piety under the Shining One
  1517 | D        | Reached skill level 1 in Evocations
  1518 | D        | Reached skill level 2 in Invocations
  1525 | D        | Reached skill level 3 in Invocations
  1530 | D        | Reached skill level 10 in Ice Magic
  1544 | D        | Reached skill level 4 in Invocations
  1626 | D        | Noticed Grum
  1640 | D        | Killed Grum
  1641 | D        | Reached skill level 10 in Spellcasting
  1810 | D        | Reached skill level 5 in Invocations
  2056 | D        | Reached skill level 6 in Invocations
  2073 | D        | Reached skill level 7 in Invocations
  2164 | D        | Found Opniz's General Store.
  2164 | D        | Noticed an orc high priest
  2164 | D        | Noticed an orc high priest
  2164 | D        | Noticed an orc high priest
  2175 | D        | Killed an orc high priest
  2176 | D        | Reached skill level 8 in Invocations
  2176 | D        | Killed an orc high priest
  2177 | D        | Reached skill level 9 in Invocations
  2177 | D        | Noticed an orc high priest
  2184 | D        | Killed an orc high priest
  2185 | D        | Reached skill level 10 in Invocations
  2185 | D        | Reached skill level 5 in Evocations
  2194 | D        | Killed an orc high priest
  2198 | D        | Found Xabbext's Weapon Shoppe.
  2202 | D        | Found Repymo Codd's Antique Weapon Emporium.
  2205 | D        | Found Guesm's General Store.
  2210 | D        | Reached skill level 11 in Invocations
  2217 | D        | Noticed an orc high priest
  2218 | D        | Noticed an orc high priest
  2227 | D        | Noticed a soul eater
  2245 | D        | Killed an orc high priest
  2252 | D        | Killed an orc high priest
  2545 | D        | Noticed Eustachio
  2553 | D        | Killed Eustachio
  2554 | D        | Reached skill level 12 in Invocations
  2574 | D        | Noticed Josephine
  2582 | D        | Reached XP level 12. HP: 106/115 MP: 26/26
  2589 | D        | Killed Josephine
  2718 | D        | Noticed a boulder beetle
  2718 | D        | Noticed a death knight
  2722 | D        | Noticed a boulder beetle
  2732 | D        | Killed a boulder beetle
  2733 | D        | Reached skill level 13 in Invocations
  2738 | D        | Reached skill level 10 in Evocations
  2738 | D        | Killed a death knight
  2739 | D        | Noticed a vampire mage
  2743 | D        | Noticed a tengu warrior
  2747 | D        | Noticed an ice dragon
  2751 | D        | Reached skill level 14 in Invocations
  2752 | D        | Noticed a spriggan air mage
  2756 | D        | Killed a boulder beetle
  2758 | D        | Killed a vampire mage
  2762 | D        | Killed a tengu warrior
  2763 | D        | Reached skill level 15 in Invocations
  2766 | D        | Killed an ice dragon
  2769 | D        | Noticed a frost giant
  2770 | D        | Killed a spriggan air mage
  2779 | D        | Killed a frost giant
  2780 | D        | Reached skill level 16 in Invocations
  3312 | D        | Noticed Snorg
  3313 | D        | Noticed Nessos
  3327 | D        | Killed Snorg
  3334 | D        | Killed Nessos
  3343 | D        | Noticed Nergalle
  3350 | D        | Killed Nergalle
  3436 | D        | Noticed a satyr
  3436 | D        | Noticed a merfolk aquamancer
  3444 | D        | Killed a satyr
  3445 | D        | Reached skill level 17 in Invocations
  3450 | D        | Reached skill level 15 in Evocations
  3450 | D        | Reached XP level 13. HP: 77/122 MP: 15/27
  3505 | D        | Reached skill level 18 in Invocations
  3879 | D        | Noticed an eleionoma
  3879 | D        | Noticed a bunyip
  3884 | D        | Noticed a bunyip
  3891 | D        | Noticed an eleionoma
  3897 | D        | Killed an eleionoma
  3909 | D        | Killed a bunyip
  3910 | D        | Reached skill level 5 in Long Blades
  3921 | D        | HP: 4/122 [bog body (9)]
  3921 | D        | Demolished by a bog body

Illustrated notes

Levels and vault maps discovered:
D:        linesprint [early_d, line_temple, items_1, d_10, items_2, lair_1,
          lair_end, items_3, orc_1, orc_end, items_4, d_15, swamp_1, shoals_1,
          snake_1, spider_1, d_20, vaults_1, items_5, swamp_end, shoals_end,
          snake_end, spider_end, vaults_end, d_27, items_6, zot_1, zot_end,
          crypt_end, forest_end, elf_end, slime_end, tomb_end, abyss_end,
          pan_hell_end]

Skill      XL: |  1  2  3  4  5  6  7  8  9 10 11 12 13 |
---------------+----------------------------------------+-----
Ice Magic      | 5 7 9 10 | 10.8
Spellcasting   | 5 7 8 10 | 10.5
Fighting       | 3 8 10 13 | 13.2
Maces & Flails | 3 7 9 12 14 | 14.7
Dodging        | 3 7 9 11 | 11.4
Staves         | 9 10 | 10.5
Invocations    | 12 17 18 | 18.3
Evocations     | 8 15 16 | 16.3
Long Blades    | 7 |  7.5
Stealth        | |  1.8
Unarmed Combat | |  0.9

Action                   |  1- 3 |  4- 6 |  7- 9 | 10-12 | 13-15 || total
-------------------------+-------+-------+-------+-------+-------++-------
Melee: Unarmed           |    23 |    17 |       |       |       ||    40
       Tailslap          |     6 |     3 |    11 |    42 |    14 ||    76
       Quarterstaff      |       |     4 |    46 |   144 |       ||   194
       Scimitar          |       |       |     1 |     8 |    24 ||    33
       Lajatang          |       |       |       |    35 |    21 ||    56
 Cast: Freeze            |     6 |       |       |       |       ||     6
       Frozen Ramparts   |       |     1 |     6 |    21 |     4 ||    32
       Ozocubu's Armour  |       |     1 |     1 |    14 |     2 ||    18
Invok: Divine Shield     |       |       |       |     2 |       ||     2
       Cleansing Flame   |       |       |       |     5 |       ||     5
       Summon Divine War |       |       |       |     3 |     1 ||     4
 Abil: Breathe Dispellin |       |       |     2 |    12 |       ||    14
Evoke: Wand              |       |       |       |     3 |       ||     3
  Use: Potion            |     1 |       |     1 |     6 |     1 ||     9
 Stab: Distracted        |     1 |       |       |       |       ||     1
Armor: Skin              |     7 |     9 |    18 |    66 |    16 ||   116
Dodge: Dodged            |    13 |    13 |    19 |   106 |    29 ||   180
Block: Other             |       |       |       |     1 |       ||     1

Table legend: (Time is in decaauts)
 A = Elapsed time spent in this place.
 B = Non-inter-level travel time spent in this place.
 C = Inter-level travel time spent in this place.
 D = Time resting spent in this place.
 E = Time spent auto-exploring this place.
 F = Levels seen in this place.
 G = Mean time per level.
                   A        B        C        D        E       F      G
               +--------+--------+--------+--------+--------+-----+--------+
         Total |   3810 |   3810 |      0 |   2580 |      0 |   1 | 3810.0 |
       Dungeon |   3810 |   3810 |      0 |   2580 |      0 |   1 | 3810.0 |
               +--------+--------+--------+--------+--------+-----+--------+

Top non-repeatable levels by time:
       D: 3810 daAuts
